 Dungeon Crawl Stone Soup version 0.29-a0-902-g0f71de6fce (webtiles) character file.

Game seed: 9253336522585349685

3038 greasedhog the Skirmisher (level 9, -2/54 HPs)
             Began as a Gargoyle Hunter on July 25, 2022.
             Was an Elder of Okawaru.
             Engulfed by a steam dragon's steam (4 damage)
             ... on level 8 of the Dungeon.
             The game lasted 00:14:27 (6189 turns).

greasedhog the Skirmisher (Gargoyle Hunter)         Turns: 6189, Time: 00:14:27

Health: -2/54      AC: 19    Str: 16    XL:     9   Next: 86%
Magic:  12/13      EV: 18    Int:  9    God:    Okawaru [****..]
Gold:   1035       SH:  0    Dex: 17    Spells: 8/8 levels left

rFire   . . .      SeeInvis .   i - +2 short sword (protect)
rCold   . . .      Faith    .   (no shield)
rNeg    + . .      Spirit   .   c - +0 leather armour
rPois   ∞          Reflect  .   (no helmet)
rElec   +          Harm     .   (no cloak)
rCorr   .          Rampage  .   s - +0 pair of gloves
Will    .....                   m - +0 pair of boots
Stlth   +++.......              (no amulet)
HPRegen 0.18/turn               e - +4 ring of slaying
MPRegen 0.13/turn               (no ring)

@: heroic, under a protective aura
A: sickness immunity, AC +6, negative energy resistance 1, electricity
resistance, torment resistance 1, petrification resistance
a: Renounce Religion, Heroism, Finesse


You were on level 8 of the Dungeon.
You worshipped Okawaru.
Okawaru was greatly pleased with you.
You visited 2 branches of the dungeon, and saw 9 of its levels.
You also visited: Ossuary.

You collected 1035 gold pieces.

Inventory:

Hand Weapons
 a - a +0 shortbow
 i - a +2 short sword of protection (weapon)
 k - a +0 long sword
Armour
 c - a +0 leather armour (worn)
 m - a +0 pair of boots (worn)
 s - a +0 pair of gloves (worn)
Jewellery
 e - a +4 ring of slaying (left hand)
 r - an amulet of magic regeneration
Wands
 o - a wand of flame (44)
 E - a wand of paralysis (14)
Scrolls
 b - 2 scrolls of immolation
 l - a scroll of poison
 n - a scroll of fog
 q - 2 scrolls of amnesia
 t - 2 scrolls of enchant weapon
 v - a scroll of blinking
 x - a scroll of teleportation
 y - 2 scrolls of identify
 D - a scroll of vulnerability {unknown}
Potions
 d - 3 potions of might
 f - 2 potions of invisibility {unknown}
 g - 7 potions of curing
 h - 2 potions of flight {unknown}
 j - 3 potions of brilliance
 p - 3 potions of heal wounds {unknown}
 u - 3 potions of resistance {unknown}
 w - 3 potions of mutation {unknown}
 z - a potion of magic {unknown}
 A - 2 potions of attraction {unknown}
 B - a potion of cancellation {unknown}
 C - a potion of experience {unknown}


   Skills:
 - Level 5.0(10.0) Fighting
 * Level 0.0(5.0) Long Blades
 * Level 9.5(14.5) Ranged Weapons
 - Level 6.3(11.3) Dodging
 - Level 1.1(6.1) Stealth
 - Level 6.2 Invocations


You had 8 spell levels left.
You didn't know any spells.
Your spell library contained the following spells:

 Spells                   Type           Power      Damage    Failure   Level
 Magic Dart               Conj           0%         1d3       43%         1
 Slow                     Hex            0%         N/A       43%         1
 Confusing Touch          Hex            0%         N/A       82%         3
 Dazzling Flash           Conj/Hex       0%         N/A       82%         3
 Mephitic Cloud           Conj/Pois/Air  0%         N/A       82%         3
 Vampiric Draining        Necr           0%         2d6       82%         3
 Passage of Golubria      Tloc           0%         N/A       99%         4
 Agony                    Necr           0%         N/A       100%        5
 Silence                  Hex/Air        0%         N/A       100%        5
 Yara's Violent Unravell  Hex/Tmut       0%         3d3       100%        5
 Orb of Destruction       Conj           0%         9d5       100%        7
 Call Imp                 Summ           Unusable   N/A       N/A         2
 Summon Guardian Golem    Hex/Summ       Unusable   N/A       N/A         3
 Tukima's Dance           Hex            Unusable   N/A       N/A         3
 Spellforged Servitor     Conj/Summ      Unusable   N/A       N/A         7

Dungeon Overview and Level Annotations

Branches:
Dungeon (8/15)             Temple (1/1) D:4         Ossuary (visited)
   Lair: D:8-11

Altars:
Ashenzari
Dithmenos
Elyvilon
Gozag
Hepliaklqana
Kikubaaqudgha
Makhleb
Nemelex Xobeh
Okawaru
Qazlal
Ru
Sif Muna
Trog
Uskayaw
Wu Jian
Xom
Yredelemnul
Zin
The Shining One

Shops:
D:3 :

Annotations:
D:7 2 runed translucent doors, Crazy Yiuf; seaofthunder's ghost, novice HOFi


Innate Abilities, Weirdness & Mutations

You are immune to sickness and miasma.
Your stone body is resilient. (AC +6)
You are immune to poison.
You resist negative energy. (rN+)
You are resistant to electric shocks. (rElec)
You are resistant to unholy torment.
You are immune to petrification.


Message History

You gain the combat prowess of a mighty hero.
You are engulfed in a cloud of scalding steam.
You puncture the steam dragon!
Your weapon exudes an aura of protection.
Your punch misses the steam dragon.
The steam dragon is heavily wounded.
You are engulfed in a cloud of scalding steam.
* * * LOW HITPOINT WARNING * * *
The steam dragon completely misses you. The steam dragon closely misses you.
You hit the steam dragon but do no damage.
The steam dragon is heavily wounded.
You are engulfed in a cloud of scalding steam.
* * * LOW HITPOINT WARNING * * *
Unknown command.
You closely miss the steam dragon.
The steam dragon is heavily wounded.
The steam dragon barely misses you.
The steam dragon claws you but does no damage.
You hit the steam dragon.
The steam dragon is heavily wounded.
The steam dragon closely misses you.
The steam dragon claws you but does no damage.
You closely miss the steam dragon.
The steam dragon is heavily wounded.
The steam dragon misses you.
The steam dragon claws you but does no damage.
You hit the steam dragon.
The steam dragon is severely wounded.
The steam dragon bites you but does no damage.
The steam dragon barely misses you.
You barely miss the steam dragon.
The steam dragon is severely wounded.
The steam dragon breathes steam at you. The ball of steam hits you!
* * * LOW HITPOINT WARNING * * *
You hear a shout! x2
You hit the steam dragon.
The steam dragon is severely wounded.
You are engulfed in a cloud of scalding steam.
You die...

#############
..........).#
............#
............#
..###....#### #####
..# #.......# #...#
..# #.......# #§..#
..###.......####§..#
................@..+
#.###.......####D..#
#.# #.......#
#.......
............#
#......#
##.##.###...#
#(.....# ..... #...#
#......# .... #...#
#......# ... .....
...>....


You could see a steam dragon (catching breath).

Vanquished Creatures
  A hornet (D:7)
  Duvessa (D:6)
  2 water moccasins
  3 ice beasts
  A black bear (D:7)
  3 ogres
  A centaur (D:6)
  A kobold brigand (D:7)
  2 bullfrogs (D:6)
  4 scorpions
  A necrophage (D:6)
  4 wights (D:7)
  Dowan (D:6)
  5 killer bees
  A howler monkey (D:6)
  3 orc priests
  7 hounds
  2 jellies (D:6)
  2 iguanas (D:5)
  Natasha (thrice) (D:4)
  2 orc wizards
  8 mummies (Ossuary)
  4 gnolls (D:6)
  5 adders
  A shadow imp (D:6)
  A white imp (D:7)
  An ufetubus (D:4)
  A dart slug (D:1)
  10 orcs
  7 ball pythons
  9 endoplasms
  3 giant cockroaches
  3 gnoll zombies (Ossuary)
  5 goblins
  2 hobgoblins
  2 quokkas
  10 bats
  2 frilled lizards
  2 hobgoblin zombies (Ossuary)
  9 kobolds
  2 kobold zombies (Ossuary)
  An orc zombie (Ossuary)
  2 rats (D:3)
140 creatures vanquished.

Vanquished Creatures (others)
  13 fungi (D:6)
13 creatures vanquished.

Grand Total: 153 creatures vanquished

Notes
Turn   | Place    | Note
-------+----------+-------------------------------------------
     0 | D:1      | greasedhog the Gargoyle Hunter began the quest for the Orb.
     0 | D:1      | Reached XP level 1. HP: 12/12 MP: 1/1
    95 | D:1      | Found a faded altar of an unknown god.
   100 | D:1      | Reached XP level 2. HP: 15/17 MP: 2/2
   537 | D:2      | Reached XP level 3. HP: 21/21 MP: 3/3
  1208 | D:3      | Found Exzumpaz's Book Shoppe.
  1270 | D:3      | Found a shimmering altar of Xom.
  1567 | D:3      | Identified a scroll of acquirement
  1568 | D:3      | Acquired 455 gold pieces
  1606 | D:4      | Found a basalt altar of Yredelemnul.
  1611 | D:4      | Found a staircase to the Ecumenical Temple.
  1621 | Temple   | Entered the Ecumenical Temple
  1888 | Temple   | Became a worshipper of Warmaster Okawaru
  1929 | D:4      | Noticed Natasha
  1933 | D:4      | Killed Natasha
  1934 | D:4      | Reached XP level 4. HP: 26/26 MP: 4/4
  1956 | D:4      | Noticed Natasha
  1960 | D:4      | Killed Natasha
  1961 | D:4      | Reached skill level 5 in Ranged Weapons
  2000 | D:4      | Noticed Natasha
  2001 | D:4      | Noticed a scorpion
  2002 | D:4      | Killed Natasha
  2003 | D:4      | Reached XP level 5. HP: 27/30 MP: 5/5
  2114 | D:4      | Reached XP level 6. HP: 21/35 MP: 6/6
  2272 | D:4      | Reached skill level 6 in Ranged Weapons
  2640 | D:5      | Entered Level 5 of the Dungeon
  2701 | D:5      | Noticed an ice beast
  2705 | D:5      | Killed an ice beast
  2705 | D:5      | Reached * piety under Okawaru
  2706 | D:5      | Reached XP level 7. HP: 40/40 MP: 7/7
  2722 | D:5      | Reached skill level 1 in Invocations
  2960 | D:5      | Reached ** piety under Okawaru
  2961 | D:5      | Reached skill level 7 in Ranged Weapons
  2961 | D:5      | Reached skill level 5 in Dodging
  2961 | D:5      | Reached XP level 8. HP: 41/44 MP: 8/10
  3245 | D:5      | Found a sacrificial altar of Ru.
  3343 | D:6      | Noticed Dowan
  3351 | D:6      | Noticed Duvessa
  3420 | D:6      | Found an opulent altar of Gozag.
  3863 | D:6      | Killed Duvessa
  3869 | D:6      | HP: 2/44 [Dowan/+0 dagger (2)]
  3873 | D:6      | Killed Dowan
  4186 | D:6      | Reached skill level 8 in Ranged Weapons
  4249 | D:6      | Reached *** piety under Okawaru
  4274 | D:6      | Reached skill level 5 in Invocations
  4274 | D:6      | Reached XP level 9. HP: 41/48 MP: 12/12
  4917 | D:7      | Found a runed translucent door.
  4991 | D:7      | Noticed a hornet
  5002 | D:7      | Killed a hornet
  5058 | D:7      | Found a runed translucent door.
  5059 | D:7      | Noticed Crazy Yiuf
  5141 | D:7      | Found a sand-covered staircase.
  5148 | Ossuary  | Entered an ossuary
  5399 | D:7      | Reached skill level 9 in Ranged Weapons
  5404 | D:7      | Reached **** piety under Okawaru
  5546 | D:7      | Identified the +6 ring mail "Yckinkia" {rC+}
  5715 | D:7      | Found a sparkling altar of Nemelex Xobeh.
  5854 | D:7      | Noticed seaofthunder's ghost (novice HOFi)
  6129 | D:8      | Reached skill level 5 in Fighting
  6188 | D:8      | HP: 2/54 [steam dragon/ball of steam (9)]
  6189 | D:8      | Engulfed by a steam dragon's steam

Illustrated notes

Levels and vault maps discovered:
D:1:      erik_arrival_orb_chamber, layout_rooms, ebering_ecumenical_altar_ruins
D:2:      layout_loops_ring
D:3:      layout_rooms, mainiacjoe_overflow_surrounded_room, serial_shops, shop
D:4:      layout_basic, mainiacjoe_overflow_catwalk,
          minmay_temple_entry_antechambers, uniq_natasha
D:5:      layout_basic, lemuel_round_altar
D:6:      layout_loops_cross, mainiacjoe_overflow_cross_hatched,
          eino_tiny_chamber, uniq_duvessa
D:7:      layout_rooms, mainiacjoe_overflow_alcove_2,
          nicolae_overflow_hidden_temple, chequers_ossuary_entry_cave,
          ebering_ghost_reflecting_pool, minmay_unpleasant_kobolds,
          uniq_crazy_yiuf_cottage
D:8:      minmay_flawed_box, layout_basic
Temple:   minmay_temple_curvy_branch

Skill      XL: |  1  2  3  4  5  6  7  8  9 |
---------------+----------------------------+-----
Dodging        | 2 3 4 5 6 |  6.3
Ranged Weapons | 5 6 7 8 9 |  9.5
Invocations    | 2 5 6 |  6.2
Fighting       | 5 |  5.0
Stealth        | |  1.1

Action                   |  1- 3 |  4- 6 |  7- 9 || total
-------------------------+-------+-------+-------++-------
Melee: Short sword       |       |    18 |   257 ||   275
       Punch             |       |       |     5 ||     5
 Fire: Shortbow          |    78 |    49 |   171 ||   298
Invok: Heroism           |       |       |     1 ||     1
  Use: Scroll            |     4 |     1 |     4 ||     9
       Potion            |       |       |     2 ||     2
Armor: Leather armour    |     9 |    12 |   108 ||   129
Dodge: Dodged            |     9 |    19 |   277 ||   305

Table legend: (Time is in decaauts)
 A = Elapsed time spent in this place.
 B = Non-inter-level travel time spent in this place.
 C = Inter-level travel time spent in this place.
 D = Time resting spent in this place.
 E = Time spent auto-exploring this place.
 F = Levels seen in this place.
 G = Mean time per level.
                   A        B        C        D        E       F      G
               +--------+--------+--------+--------+--------+-----+--------+
         Total |   6256 |   5970 |    286 |    664 |   4077 |  10 |  625.6 |
       Dungeon |   5742 |   5499 |    243 |    664 |   3708 |   8 |  717.8 |
        Temple |    289 |    246 |     43 |      0 |    243 |   1 |  289.0 |
       Ossuary |    224 |    224 |      0 |      0 |    126 |   1 |  224.0 |
               +--------+--------+--------+--------+--------+-----+--------+

Top non-repeatable levels by time:
     D:6: 1309 daAuts
     D:5: 1005 daAuts
     D:7: 953 daAuts
     D:4: 766 daAuts
     D:2: 613 daAuts
     D:3: 532 daAuts
     D:1: 485 daAuts
  Temple: 289 daAuts
 Ossuary: 224 daAuts
     D:8: 75 daAuts
